 Dungeon Crawl Stone Soup version 0.22-a0-603-gfc1114d (webtiles) character file.

403 sking99 the Ruffian (level 6, -25/51 HPs)
             Began as a Draconian Transmuter on July 7, 2018.
             Was an Initiate of Gozag.
             Annihilated by an ogre
             ... wielding a +0 giant spiked club
              (29 damage)
             ... on level 4 of the Dungeon.
             The game lasted 00:08:58 (5131 turns).

sking99 the Ruffian (Draconian Transmuter)          Turns: 5131, Time: 00:09:00

Health: -25/51     AC:  6    Str: 13    XL:     6   Next: 55%
Magic:  2/9        EV: 12    Int: 14    God:    Gozag
Gold:   375        SH:  4    Dex: 12    Spells: 6/9 levels left

rFire    . . .     SeeInvis .     - Unarmed
rCold    . . .     Gourm    .   m - +0 buckler
rNeg     . . .     Faith    .   (armour unavailable)
rPois    .         Spirit   .   (helmet restricted)
rElec    .         Reflect  .   (no cloak)
rCorr    .         Harm     .   (no gloves)
MR       .....                  (no boots)
Stlth    +.........             (no amulet)
HPRegen  0.17/turn              (no ring)
MPRegen  0.11/turn              (no ring)

@: no status effects
A: unfitting armour, cold-blooded, AC +6
a: Potion Petition, Call Merchant, Bribe Branch, Renounce Religion


You were on level 4 of the Dungeon.
You worshipped Gozag.
Gozag was aware of your devotion.
You were not hungry.

You visited 1 branch of the dungeon, and saw 4 of its levels.

You collected 394 gold pieces.
You paid 19 gold pieces to Gozag.

Inventory:

Missiles
 a - 61 arrows
Armour
 l - a +0 shield
 m - a +0 buckler (worn)
Jewellery
 o - an uncursed ring of flight {unknown}
 p - a cursed ring of protection from cold {unknown}
Scrolls
 b - a scroll of enchant armour {unknown}
 d - 3 scrolls of teleportation {unknown}
 e - 2 scrolls of identify {unknown}
 f - a scroll of enchant weapon {unknown}
 g - 4 scrolls of remove curse {unknown}
 h - a scroll of fog {unknown}
 i - 2 scrolls of immolation {unknown}
 j - a scroll of noise {unknown}
 k - a scroll of magic mapping {unknown}
 n - a scroll of amnesia {unknown}
Comestibles
 c - 4 rations


   Skills:
 - Level 3.0 Fighting
 - Level 1.7 Dodging
 + Level 2.3 Shields
 * Level 5.7 Unarmed Combat
 - Level 2.0 Spellcasting
 + Level 3.3 Transmutations


You had 6 spell levels left.
You knew the following spells:

 Your Spells              Type           Power        Failure   Level  Hunger
a - Beastly Appendage     Tmut           ##....       8%          1    ##.....
b - Sticks to Snakes      Tmut           ##......     11%         2    ###....

Your spell library contained the following spells:

 Spells                   Type           Power        Failure   Level  Hunger
 Spider Form              Tmut/Pois      #.........   41%         3    ####...
 Blade Hands              Tmut           ##........   90%         5    ######.
 Ice Form                 Ice/Tmut       #.......     82%         4    #####..


Dungeon Overview and Level Annotations

Branches:
Dungeon (4/15)
 Temple: D:4-7

Altars:
Gozag
Xom


Innate Abilities, Weirdness & Mutations

Your plain brown scales are hard. (AC +6)
You cannot fit into any form of body armour.
You are cold-blooded and may be slowed by cold attacks.


Message History

You hit the ogre.
The ogre is heavily wounded.
The ogre hits you with a giant spiked club!!
Ouch! That really hurt!
* * * LOW HITPOINT WARNING * * *
The howler monkey hoots and howls with incredible vigour!
You hear an angry hiss.
The howler monkey hoots and howls with incredible vigour!
You hear an angry hiss.
You see here a wand of random effects (32).
You aren't carrying any items that you can evoke.
The howler monkey hoots and howls with incredible vigour!
Your magical contamination has completely faded away.
Casting: Sticks to Snakes (safe; 11% risk of failure)
Confirm with . or Enter, or press ? or * to list all spells.
You create a snake!
You now have 61 arrows.
The ogre hits you with a giant spiked club!!
Ouch! That really hurt!
You die...
Your body crumbles into a pile of gold.

#................#....##
#......###.#.#.#...#..#
........# #.#....####..#
##.....## #.###..####..#
#..#.# ##.###..##.#..#
#..#.####.........#...####
#..........####.##.##....#
##.#.####.## #.##.#####.#
#..<.(..#h# #@##.# #.#
#.......#.# #O##.#####.#
##.......#/#####hS.....##.#
............h....#####.##.#
.#.......#.####..#
#.##.####.#
#.......#....$..#
#....<....#
#.......######..#
#.##.###### .......... ...#
# #.# ####.##.#.. ..... #.#


You could see an ogre, a howler monkey and a friendly ball python.

Vanquished Creatures
  Edmund (D:4)
  A centaur (D:3)
  2 orc priests (D:3)
  Jessica (D:2)
  2 adders (D:2)
  2 worms
  A dart slug (D:3)
  8 orcs
  A ball python (D:2)
  2 giant cockroaches (D:3)
  6 goblins
  7 hobgoblins
  7 kobolds
  A quokka (D:4)
  13 bats
  5 frilled lizards
  2 rats (D:3)
62 creatures vanquished.

Vanquished Creatures (collateral kills)
  2 worker ants (D:4)
  An adder (D:2)
  An adder skeleton (D:4)
  A frilled lizard (D:4)
5 creatures vanquished.

Grand Total: 67 creatures vanquished

Notes
Turn   | Place    | Note
-------+----------+-------------------------------------------
     0 | D:1      | sking99 the Draconian Transmuter began the quest for the Orb.
     0 | D:1      | Reached XP level 1. HP: 16/16 MP: 3/3
   725 | D:1      | Reached XP level 2. HP: 14/23 MP: 5/5
  1466 | D:2      | Noticed Jessica
  1479 | D:2      | Killed Jessica
  1479 | D:2      | Reached skill level 4 in Unarmed Combat
  1479 | D:2      | Reached XP level 3. HP: 6/29 MP: 4/6
  1733 | D:1      | Learned a level 2 spell: Sticks to Snakes
  2151 | D:2      | Reached XP level 4. HP: 37/37 MP: 7/7
  2443 | D:2      | Found an opulent altar of Gozag.
  2540 | D:2      | Became a worshipper of Gozag Ym Sagoz the Greedy
  3002 | D:3      | Noticed a centaur
  3019 | D:3      | Killed a centaur
  3019 | D:3      | Reached skill level 1 in Shields
  3019 | D:3      | Reached XP level 5. HP: 12/44 MP: 8/8
  3328 | D:3      | Reached skill level 5 in Unarmed Combat
  3708 | D:3      | HP: 2/45 [orc priest/divine providence (16)]
  4079 | D:3      | Found a shimmering altar of Xom.
  4321 | D:4      | Reached XP level 6. HP: 48/51 MP: 4/9
  4339 | D:4      | Noticed Edmund
  4392 | D:4      | HP: 1/51 [Edmund/flail of protection (6)]
  4404 | D:4      | HP: 1/51 [Edmund/flail of protection (2)]
  4827 | D:4      | Killed Edmund
  5112 | D:4      | HP: 1/51 [ogre/giant spiked club (29)]
  5131 | D:4      | Annihilated by an ogre

Vault maps used:
D:1:      mrwooster_arrival_statue
D:2:      grunt_gozag_breadcrumbs, uniq_jessica
D:3:      tgw_xom
D:4:      first_ration, uniq_edmund

Skill      XL: |  1  2  3  4  5  6 |
---------------+-------------------+-----
Fighting       | 2 3 |  3.0
Unarmed Combat | 4 5 |  5.7
Shields        | 1 2 |  2.3
Transmutations | 3 |  3.3
Dodging        | |  1.7
Spellcasting   | |  2.0

Action                   |  1- 3 |  4- 6 || total
-------------------------+-------+-------++-------
Melee: Unarmed           |   122 |   210 ||   332
       Tailslap          |    11 |    27 ||    38
       Punch             |     2 |       ||     2
       Kick              |       |    10 ||    10
 Cast: Beastly Appendage |     1 |     3 ||     4
       Sticks to Snakes  |     1 |    14 ||    15
  Use: Potion            |       |     1 ||     1
 Stab: Sleeping          |       |     1 ||     1
  Eat: Chunk             |     4 |     2 ||     6
       Ration            |       |     3 ||     3
Armor: Skin              |    54 |    46 ||   100
Dodge: Dodged            |    92 |   102 ||   194
Block: Buckler           |       |    18 ||    18

Table legend:
 A = Spawn XP
 B = Non-spawn XP
 C = Spawn XP percentage of total XP
 D = Spawn monster count
 E = Non-spawn monster count
 F = Spawn count percentage of total count
 G = Total turns spent on level
                    A         B        C        D         E        F      G
               +---------+---------+-------+---------+---------+-------+---------
         Total |       0 |     577 |   0.0 |       0 |      67 |   0.0 |  5131
               +---------+---------+-------+---------+---------+-------+---------
           D:1 |       0 |      28 |   0.0 |       0 |      17 |   0.0 |  1747
           D:2 |       0 |     115 |   0.0 |       0 |      25 |   0.0 |  1728
           D:3 |       0 |     233 |   0.0 |       0 |      19 |   0.0 |  1089
           D:4 |       0 |     201 |   0.0 |       0 |       6 |   0.0 |   567
               +---------+---------+-------+---------+---------+-------+---------
